Map: Emerald City CE

Players

Nyck

  • Race: Terran Terran
  • Spawn Location: 5:00

Ekelpack

  • Race: Zerg Zerg
  • Spawn Location: 5:00

DrNo - Winner!

  • Race: Zerg Zerg
  • Spawn Location: 11:00

Bouteille - Winner!

  • Race: Terran Terran
  • Spawn Location: 11:00

VOD

Have the link to the VOD?

Description

Time

  • Played on: Oct. 2, 2024, 12:51 p.m.
  • Length: 13:31
Show
View Real Time Build Order
Export as new Build Order

Nyck Terran 

Build Orders: 2 Factory 

Get SALT Encoding   

  12  0:00  SCV  
  13  0:13  SCV  
  14  0:18  Supply Depot  
  14  0:25  SCV  
  15  0:40  SCV  
  16  0:42  Barracks  
  16  0:46  Refinery  
  16  0:52  SCV  
  18  1:04  SCV  
  18  1:17  SCV, Refinery  
  19  1:29  SCV  
  19  1:30  Supply Depot  
  19  1:31  Reaper  
  21  1:41  SCV  
  22  2:01  Command Center  
  22  2:05  Orbital Command  
  22  2:31  SCV  
  23  2:44  SCV  
  24  2:56  SCV  
  24  3:01  Factory  
  24  3:08  SCV  
  24  3:11  Barracks Reactor  
  25  3:20  Factory  
  25  3:21  SCV  
  25  3:23  Engineering Bay  
  26  3:33  SCV  
  27  3:36  Orbital Command  
  27  3:49  Refinery  
  27  3:53  Refinery  
  27  3:59  Starport  
  27  4:02  Armory  
  27  4:07  SCV  
  27  4:08  SCV  
  29  4:15  Hellion  
  29  4:16  Hellion x2  
  35  4:19  SCV  
  35  4:20  SCV  
  37  4:32  SCV x2  
  39  4:44  SCV x2  
  41  4:46  Hellion x2  
  41  4:51  Supply Depot  
  45  4:55  Terran Vehicle And Ship Armor Level 1  
  45  4:56  SCV  
  46  5:07  Command Center  
  46  5:12  SCV x2, Hellion  
  50  5:15  Supply Depot, Hellion x2  
  54  5:24  SCV x2  
  54  5:26  Starport Tech Lab  
  56  5:36  SCV x2  
  58  5:51  SCV x2  
  58  5:56  Factory Tech Lab  
  60  6:10  Fusion Core, Factory Tech Lab  
  60  6:11  SCV  
  60  6:12  SCV  
  60  6:18  Infernal Pre-Igniter  
  62  6:28  SCV x2  
  62  6:32  Siege Tank  
  67  6:35  Siege Tank  
  70  6:40  SCV x2  
  72  6:52  SCV x2  
  74  7:07  SCV x2  
  76  7:22  SCV x2  
  78  7:24  Siege Tank x2  
  71  7:44  SCV x2  
  72  7:56  SCV, Siege Tank x2  
  77  8:15  SCV x2  
  79  8:42  Orbital Command  
  79  8:45  SCV x2  
  81  8:57  SCV x2  
  81  8:59  Terran Vehicle And Ship Armor Level 2  
  81  9:02  Starport  
  83  9:08  Refinery  
  83  9:10  Supply Depot  
  83  9:11  Battlecruiser  
  83  9:16  SCV x3  
  92  9:21  Refinery  
  92  9:29  SCV  
  93  9:32  SCV x2  
  93  9:33  Supply Depot  
  95  9:41  SCV  
  95  9:44  SCV x2  
  98  9:47  Starport Tech Lab  
  98  9:51  Armory  
  98  9:52  Weapon Refit  
  98  9:56  Supply Depot  
  98  10:06  SCV  
  100  10:07  SCV x2  
  101  10:16  Battlecruiser  
  101  10:18  Battlecruiser  
  113  10:21  Supply Depot  
  113  10:27  Starport  
  113  10:30  SCV x2  
  113  10:31  SCV  
  116  10:43  Supply Depot  
  115  11:05  Starport  
  115  11:19  Terran Ship Weapons Level 1  
  115  11:20  Battlecruiser  
  115  11:22  Siege Tank x2, Battlecruiser  
  133  11:35  SCV x3  
  138  11:41  Starport Tech Lab  
  136  11:55  Starport Tech Lab  
  136  12:08  Command Center  
  136  12:15  Battlecruiser x2  
  148  12:25  Battlecruiser  
  152  12:47  Supply Depot  
  152  12:55  Supply Depot  
  152  13:05  Command Center  
  152  13:06  Command Center  
  152  13:10  Supply Depot  
  158  13:19  Supply Depot  
Show
View Real Time Build Order
Export as new Build Order

Ekelpack Zerg 

Build Orders: Hatch First 

Get SALT Encoding   

  12  0:00  Drone  
  13  0:12  Overlord  
  13  0:18  Drone  
  14  0:31  Drone x2  
  16  0:52  Hatchery  
  16  0:53  Drone  
  16  1:08  Spawning Pool  
  16  1:11  Drone  
  16  1:17  Drone  
  17  1:20  Drone, Extractor  
  17  1:37  Drone x2  
  19  1:49  Drone  
  20  1:56  Queen  
  22  2:04  Queen  
  22  2:06  Drone  
  25  2:09  Drone x2  
  27  2:17  Overlord  
  27  2:23  Drone  
  28  2:35  Lair  
  28  2:37  Drone x3  
  31  2:48  Drone x3  
  34  2:51  Extractor  
  34  2:55  Extractor  
  32  2:58  Drone  
  32  3:00  Drone  
  34  3:10  Overlord  
  34  3:11  Drone x2  
  36  3:16  Extractor  
  35  3:23  Drone  
  36  3:29  Drone x3, Overlord  
  36  3:30  Drone  
  40  3:39  Spire  
  40  3:41  Drone  
  40  3:42  Overlord  
  40  3:43  Drone  
  40  3:44  Drone  
  40  3:46  Drone  
  43  3:56  Drone  
  43  3:58  Drone x3  
  47  4:04  Overlord  
  47  4:14  Overlord  
  47  4:24  Drone  
  48  4:36  Overlord  
  48  4:51  Mutalisk x6  
  48  4:52  Mutalisk x3  
  66  4:53  Zerg Flyer Weapons Level 1  
  66  5:00  Queen  
  66  5:03  Metabolic Boost  
  68  5:14  Hatchery  
  68  5:18  Infestation Pit  
  66  5:27  Overlord x2  
  66  5:56  Hive  
  66  5:58  Drone  
  66  6:00  Zergling x14  
  66  6:01  Zergling x6  
  66  6:02  Hatchery  
  76  6:07  Mutalisk x2  
  76  6:08  Mutalisk x2  
  80  6:30  Mutalisk x3  
  80  6:31  Mutalisk  
  82  6:49  Zergling x10  
  82  6:50  Zergling x2  
  89  7:07  Hatchery, Overlord x3  
  81  7:21  Evolution Chamber  
  79  7:26  Evolution Chamber  
  79  7:29  Ultralisk Cavern  
  77  7:32  Zergling x10  
  82  7:42  Zergling x6  
  82  7:43  Zergling x2  
  81  7:57  Mutalisk x5  
  77  8:16  Mutalisk x4  
  82  8:24  Drone x2  
  83  8:37  Zerg Melee Weapons Level 1  
  83  8:38  Chitinous Plating, Zerg Ground Armor Level 1  
  83  8:40  Zergling x6, Extractor  
  83  8:41  Zergling x4  
  87  8:43  Extractor  
  87  8:47  Drone x2  
  88  9:10  Zergling x4  
  88  9:11  Zergling x12  
  96  9:21  Overlord x2  
  96  9:37  Zergling x6  
  96  9:38  Zergling x12  
  103  9:39  Zergling x6  
  81  10:13  Mutalisk  
  73  10:15  Ultralisk x5  
  103  10:21  Zergling x8  
  103  10:22  Zergling x4  
  103  10:24  Drone x3  
  111  10:29  Queen  
  107  10:45  Ultralisk  
  107  10:46  Zergling x6  
  107  10:47  Zergling x4  
  80  11:20  Ultralisk x2  
  80  11:21  Zergling x6  
  80  11:22  Zergling x10  
  80  11:23  Zergling x2  
  79  12:02  Drone x6  
  79  12:03  Drone x3  
Show
View Real Time Build Order
Export as new Build Order

DrNo Zerg - Winner!

Build Orders: Hatch First, Lurkers, Roach Hydra 

Get SALT Encoding   

  12  0:11  Drone  
  13  0:14  Overlord  
  13  0:17  Drone  
  14  0:33  Drone x2  
  16  0:43  Drone  
  17  0:54  Drone  
  18  1:04  Hatchery, Drone  
  18  1:09  Extractor  
  17  1:16  Drone  
  18  1:21  Spawning Pool  
  17  1:26  Drone  
  18  1:37  Drone  
  19  1:47  Overlord  
  19  2:03  Drone  
  19  2:07  Queen  
  22  2:09  Drone  
  23  2:18  Queen  
  23  2:19  Drone  
  23  2:20  Drone  
  27  2:29  Overlord  
  27  2:32  Drone  
  27  2:33  Hatchery  
  27  2:39  Drone  
  27  2:43  Drone  
  29  2:53  Drone x2  
  31  3:02  Metabolic Boost  
  31  3:05  Drone x2  
  33  3:06  Queen, Evolution Chamber  
  33  3:11  Overlord  
  34  3:14  Drone  
  34  3:16  Drone  
  36  3:20  Drone x2  
  36  3:23  Drone  
  39  3:29  Drone  
  39  3:33  Zerg Ground Armor Level 1  
  40  3:35  Zergling x4  
  40  3:37  Zergling x2  
  40  3:39  Drone  
  44  3:43  Extractor  
  43  3:58  Drone x7  
  43  3:59  Drone  
  51  4:05  Drone x3  
  55  4:10  Drone x2, Evolution Chamber  
  55  4:25  Zergling x6  
  55  4:26  Overlord x2  
  58  4:36  Zerg Melee Weapons Level 1  
  58  4:38  Lair  
  58  4:39  Hatchery  
  58  4:41  Zergling x2  
  58  4:42  Overlord  
  58  4:47  Overlord  
  58  4:56  Overlord  
  58  5:05  Hatchery  
  57  5:13  Burrow  
  57  5:14  Drone x6  
  63  5:27  Spore Crawler  
  62  5:29  Spore Crawler  
  62  5:31  Spore Crawler  
  62  5:33  Zergling x16  
  62  5:34  Zergling x14  
  75  5:38  Spore Crawler  
  75  5:40  Zerg Ground Armor Level 2  
  68  5:51  Roach Warren  
  68  5:52  Extractor  
  68  5:53  Extractor  
  65  6:01  Drone x9  
  65  6:03  Drone x3  
  77  6:12  Drone x3  
  77  6:13  Drone x2  
  77  6:14  Drone x2  
  84  6:20  Spore Crawler x2  
  84  6:24  Hydralisk Den  
  81  6:42  Spore Crawler  
  80  6:49  Extractor x2  
  80  6:52  Zergling x4  
  80  6:53  Zergling x18  
  80  6:54  Zergling x12  
  69  7:15  Roach  
  69  7:16  Glial Reconstitution, Roach x9  
  69  7:22  Drone x5  
  89  7:24  Grooved Spines  
  89  7:27  Zerg Missile Weapons Level 1  
  89  7:28  Lurker Den  
  88  7:38  Drone x6  
  88  7:43  Drone x2  
  94  7:45  Drone, Overlord x3  
  93  7:58  Hydralisk  
  92  7:59  Overlord x3  
  94  8:10  Overlord x2  
  94  8:11  Overlord x2  
  93  8:14  Muscular Augments  
  90  8:24  Roach x4  
  90  8:25  Roach x3  
  96  8:28  Extractor x2  
  94  8:38  Spore Crawler  
  94  8:40  Spine Crawler  
  94  8:41  Drone x6  
  95  8:43  Drone  
  99  8:49  Drone x2  
  99  8:50  Drone x2  
  103  8:57  Hydralisk x2  
  105  9:07  Hydralisk  
  105  9:08  Roach x8  
  105  9:09  Hydralisk x4  
  105  9:10  Overlord  
  105  9:12  Roach x6  
  107  9:20  Hydralisk x3  
  107  9:21  Hydralisk  
  107  9:24  Hydralisk  
  112  9:36  Hydralisk x2  
  112  9:37  Hydralisk x3  
  120  9:41  Hydralisk  
  120  9:42  Hydralisk x2  
  120  9:46  Roach x10  
  120  9:47  Hydralisk x2  
  120  9:51  Hydralisk  
  124  9:54  Drone x2  
  124  9:55  Drone  
  124  9:57  Drone  
  124  9:58  Drone  
  124  9:59  Drone  
  130  10:08  Hydralisk x2  
  130  10:09  Hydralisk  
  130  10:10  Drone x2  
  130  10:12  Drone  
  130  10:13  Drone  
  140  10:21  Hydralisk x3  
  140  10:22  Drone  
  147  10:37  Drone x3  
  150  10:46  Spore Crawler  
  150  10:47  Zerg Missile Weapons Level 2  
  150  10:48  Spore Crawler  
  150  10:49  Zerg Melee Weapons Level 2  
  146  11:04  Hydralisk x9  
  130  11:23  Hydralisk  
  130  11:24  Hydralisk x4  
  130  11:31  Lurker x4  
  130  11:32  Lurker x6, Hydralisk x6  
  134  11:34  Overseer  
  134  11:48  Zergling x2  
  134  11:49  Zergling x16  
  134  11:50  Zergling x6  
  146  12:04  Hydralisk x5  
  146  12:08  Nydus Network  
  145  12:24  Hydralisk x9  
  145  12:25  Hydralisk x2  
  167  12:30  Overlord x2  
  167  12:35  Hydralisk  
  162  12:42  Hydralisk x2  
  166  12:46  Overlord x7  
  166  12:54  Nydus Canal, Hydralisk  
  168  12:58  Spire  
Show
View Real Time Build Order
Export as new Build Order

Bouteille Terran - Winner!

Build Orders:  

Get SALT Encoding   

  12  0:01  SCV  
  13  0:13  SCV  
  14  0:19  Supply Depot  
  14  0:25  SCV  
  15  0:41  SCV  
  15  0:42  Barracks  
  16  0:53  SCV  
  17  1:05  SCV  
  18  1:16  Command Center  
  18  1:20  SCV  
  19  1:28  Refinery  
  19  1:32  Supply Depot  
  19  1:34  Marine  
  20  1:45  Orbital Command  
  20  1:58  Engineering Bay  
  20  2:07  Barracks Tech Lab  
  20  2:11  SCV, Refinery  
  21  2:23  SCV  
  21  2:26  Bunker  
  21  2:27  Marine  
  23  2:33  SCV  
  23  2:35  SCV  
  24  2:45  SCV, Marine  
  24  2:47  SCV  
  26  2:55  Terran Infantry Weapons Level 1  
  26  2:56  Stimpack  
  26  2:58  SCV  
  27  2:59  SCV  
  28  3:08  Marine  
  28  3:10  SCV  
  28  3:11  SCV  
  31  3:17  Supply Depot  
  31  3:22  SCV  
  31  3:23  SCV  
  31  3:24  Barracks  
  34  3:34  SCV  
  34  3:35  SCV  
  34  3:40  Marine  
  36  3:42  Supply Depot  
  36  3:46  SCV  
  36  3:47  SCV  
  37  3:58  SCV  
  38  4:03  Barracks  
  38  4:15  SCV x2  
  40  4:19  Factory  
  40  4:24  Marauder  
  42  4:27  SCV x2  
  44  4:36  Concussive Shells  
  44  4:38  Engineering Bay  
  44  4:39  SCV  
  44  4:41  Orbital Command  
  44  4:45  Marauder  
  47  4:47  Command Center  
  47  4:49  Terran Infantry Armor Level 1  
  47  4:51  SCV  
  48  4:59  Barracks Reactor  
  48  5:03  SCV, Factory Tech Lab  
  48  5:05  Refinery  
  49  5:08  SCV  
  49  5:11  Refinery  
  50  5:15  SCV  
  50  5:16  Armory  
  50  5:19  Barracks Reactor  
  50  5:20  Supply Depot, SCV, Marine  
  53  5:31  Missile Turret  
  53  5:35  Missile Turret  
  53  5:39  Marine  
  53  5:40  Marine  
  56  5:42  Supply Depot  
  56  5:44  Marauder  
  56  5:48  Combat Shield  
  57  5:57  Marine  
  57  5:58  Marine  
  59  6:06  Marauder  
  59  6:07  Supply Depot  
  61  6:15  Marine  
  61  6:16  Marine  
  59  6:27  Marauder  
  59  6:28  SCV x2  
  64  6:33  Marine x2  
  64  6:37  Starport  
  65  6:40  SCV  
  65  6:41  SCV  
  67  6:49  Marauder  
  67  6:50  Siege Tank, Marine  
  67  6:51  Marine x3  
  76  7:06  Supply Depot  
  76  7:08  SCV, Marine  
  76  7:09  SCV x2, Marine x4  
  84  7:17  Supply Depot  
  84  7:20  SCV  
  84  7:22  Siege Tank  
  88  7:26  Marine x3  
  88  7:27  Marine x2  
  93  7:30  Supply Depot  
  93  7:38  SCV  
  93  7:39  SCV x2  
  93  7:40  Supply Depot  
  93  7:44  Marine x3  
  96  7:45  Marine  
  96  7:46  Marauder  
  99  7:55  Supply Depot  
  84  8:02  Marine x4  
  84  8:04  Supply Depot  
  81  8:07  Marauder  
  77  8:14  Widow Mine  
  77  8:15  Starport Reactor  
  77  8:19  Marine  
  79  8:20  Marine x3  
  79  8:21  Orbital Command, Missile Turret  
  79  8:22  SCV x2  
  85  8:28  Marauder  
  85  8:31  Barracks  
  85  8:34  SCV x2, Factory  
  87  8:35  Widow Mine  
  87  8:37  Marine  
  87  8:38  Marine x3  
  95  8:42  Missile Turret  
  95  8:46  SCV  
  96  8:49  Marine  
  96  8:54  Terran Vehicle Weapons Level 1  
  96  8:55  Marine  
  98  8:56  Marine x3, Widow Mine  
  98  8:57  Barracks  
  98  8:58  Medivac x2  
  107  9:07  Marine  
  108  9:13  Marine x3  
  108  9:14  Marine  
  101  9:25  Marine  
  101  9:28  Medivac x2  
  101  9:31  Marine x3  
  107  9:32  Marine  
  110  9:43  Marine  
  110  9:44  Barracks  
  111  9:48  Marine  
  111  9:49  Marine x3  
  115  9:58  Viking x2  
  119  10:00  Marine  
  119  10:06  Marine  
  108  10:07  Marine x3  
  99  10:18  Marine  
  99  10:21  Refinery  
  81  10:22  Refinery  
  81  10:24  Marine, Terran Infantry Weapons Level 2  
  81  10:25  Marine x3  
  81  10:28  Medivac x2  
  89  10:29  Terran Infantry Armor Level 2  
  89  10:32  Barracks Reactor  
  89  10:36  Marine  
  89  10:42  Marine x3  
  91  10:45  Command Center  
  93  10:53  Factory Tech Lab  
  93  10:58  Viking x2  
  75  11:43  Barracks Tech Lab  
  75  11:44  Marauder  
  75  11:46  Marine  
  78  11:47  Marine x6  
  84  12:04  Marine x2, Missile Turret  
  84  12:05  Marine x5  
  84  12:06  Marauder  
  93  12:13  Marauder  
  95  12:17  Medivac  
  95  12:18  Medivac  
  95  12:21  Siege Tank x2  
  95  12:22  Marine x7  
  106  12:25  Missile Turret  
  106  12:27  Marauder  
  114  12:35  Marauder  
  116  12:40  Marine x7  
  123  12:45  Refinery  
  123  12:47  Medivac  
  123  12:48  Medivac  
  123  12:49  Marauder  
  129  12:56  Marauder  
  129  12:57  Marine  
  129  12:58  Marine x6  
  142  13:11  Refinery  
Tags
 
Add a new tag
Caveats
  • Supply blocks, unpowered buildings, or Contaminate may cause inaccurate times.
  • Supply counts are checked every 10 seconds.